 Dungeon Crawl Stone Soup version 0.21-a0-476-gd103f4b (webtiles) character file.

74 noon the Skirmisher (level 4, 0/37 HPs)
             Began as a Formicid Monk on Nov 22, 2017.
             Slain by an adder (4 damage)
             ... on level 1 of the Dungeon.
             The game lasted 00:08:26 (1546 turns).

noon the Skirmisher (Formicid Monk)                 Turns: 1546, Time: 00:08:27

Health: 0/37       AC:  8    Str: 15 (16) XL:     4   Next: 52%
Magic:  4/4        EV:  7    Int:  8 (10) God:
Gold:   61         SH:  0    Dex: 11 (13) Spells: 3/3 levels left

rFire    . . .     SeeInvis +   a - +0 mace
rCold    . . .     Gourm    .   (no shield)
rNeg     . . .     Faith    .   d - +0 chain mail
rPois    .         Spirit   .   (helmet unavailable)
rElec    .         Reflect  .   (no cloak)
rCorr    .         Harm     .   (no gloves)
MR       .....                  (no boots)
Stlth    ..........             (no amulet)
HPRegen  0.12/turn              (no ring)
MPRegen  0.09/turn              (no ring)

@: no status effects
A: permanent stasis, dig shafts and tunnels, four strong arms, antennae 3
a: Dig, Shaft Self


You were on level 1 of the Dungeon.
You were not hungry.

You visited 1 branch of the dungeon, and saw 2 of its levels.

You collected 61 gold pieces.

Inventory:

Hand Weapons
 a - a +0 mace (weapon)
 l - a +1 vampiric dagger
Missiles
 g - 8 tomahawks (quivered)
Armour
 d - a +0 chain mail (worn)
Scrolls
 b - 3 scrolls of teleportation {unknown}
 o - 2 scrolls of fear {unknown}
 p - 2 scrolls of remove curse {unknown}
Comestibles
 c - 4 bread rations
 i - a meat ration
 k - a chunk of flesh
 n - 3 fruits


   Skills:
 * Level 4.0 Fighting
 * Level 3.6 Maces & Flails
 * Level 2.0 Armour
 + Level 3.0 Dodging
 - Level 2.4 Stealth


You had 3 spell levels left.
You didn't know any spells.

Dungeon Overview and Level Annotations

Branches:
Dungeon (2/15)

Altars:


Innate Abilities, Weirdness & Mutations

You cannot be hasted, slowed, berserked, paralysed or teleported.
You can dig through walls and to a lower floor.
Your four strong arms can wield two-handed weapons with a shield.
You have a pair of large antennae on your head. (SInv)


Message History

You hit the adder.
You kill the adder!
Your Armour skill increases to level 2!
The adder closely misses you. The adder barely misses you.
You see here an adder corpse.
The adder bites you but does no damage. The adder bites you but does no damage.
There is a stone staircase leading up here.
The adder bites you.
* * * LOW HITPOINT WARNING * * *
You climb upwards.
There is a stone staircase leading down here.
The adder bites you but does no damage.
As you read the scroll labeled ITODIA ENEO, it crumbles to dust.
It is a scroll of identify.
e - a scroll of fog The adder bites you but does no damage.
As you read the scroll of fog, it crumbles to dust.
The scroll dissolves into smoke.
The adder bites you.
You die...

)..............#.#.....(.........
###......####....#........##.####
###.###....#......####...###.# #.
....#....#.#......# #.......###.
....#......#...(..# #........##.
........###.)##...# #........###
................######...........
..............§§§§.......#.......
...####........§@S.......#.......
...####........§§§§..............
...##...........§§....).((...#+#.
...##..............>.........#...
...##.........)................##
...##..........................##
...##...####...................##
...##...# #...................##
...##...# #############.......##


You could see an adder.

Vanquished Creatures
  3 adders (D:2)
  An ooze (D:1)
  A worm (D:2)
  2 dart slugs
  2 leopard geckos (D:1)
  4 bats
  4 goblins
  3 hobgoblins
  5 kobolds
  4 frilled lizards
  6 rats
35 creatures vanquished.

Notes
Turn   | Place    | Note
-------+----------+-------------------------------------------
     0 | D:1      | noon the Formicid Monk began the quest for the Orb.
     0 | D:1      | Reached XP level 1. HP: 18/18 MP: 1/1
   133 | D:1      | Reached XP level 2. HP: 23/24 MP: 2/2
   171 | D:1      | HP: 1/24 [poisoned by a kobold]
   708 | D:1      | Reached skill level 1 in Armour
   863 | D:1      | Reached XP level 3. HP: 29/30 MP: 3/3
  1474 | D:2      | Reached XP level 4. HP: 35/37 MP: 4/4
  1510 | D:2      | Reached skill level 4 in Fighting
  1546 | D:1      | Slain by an adder

Vault maps used:
D:1:      dpeg_arrival_lava_temple_mockup
D:2:      lexackson_kobold_supper

Skill      XL: |  1  2  3  4 |
---------------+-------------+-----
Armour         | 1 2 |  2.0
Dodging        | 3 |  3.0
Fighting       | 4 |  4.0
Maces & Flails | |  3.6
Stealth        | |  2.4

Action                   |  1- 3 |  4- 6 || total
-------------------------+-------+-------++-------
Melee: Mace              |   137 |    35 ||   172
  Use: Potion            |       |     3 ||     3
       Scroll            |       |     2 ||     2
  Eat: Chunk             |     2 |       ||     2
Armor: Chain mail        |   105 |    28 ||   133
Dodge: Dodged            |    57 |    25 ||    82

Table legend:
 A = Spawn XP
 B = Non-spawn XP
 C = Spawn XP percentage of total XP
 D = Spawn monster count
 E = Non-spawn monster count
 F = Spawn count percentage of total count
 G = Total turns spent on level
                    A         B        C        D         E        F      G
               +---------+---------+-------+---------+---------+-------+---------
         Total |       0 |     106 |   0.0 |       0 |      35 |   0.0 |  1546
               +---------+---------+-------+---------+---------+-------+---------
           D:1 |       0 |      40 |   0.0 |       0 |      18 |   0.0 |  1186
           D:2 |       0 |      66 |   0.0 |       0 |      17 |   0.0 |   360
               +---------+---------+-------+---------+---------+-------+---------
